TOP OF THE 1ST |
Watertown Headhunters batting - Pitching for Pueblo Prairie Dogs : RHP Julião Edwards
|
Pitching: RHP Julião Edwards
|
|
Batting: RHB Victor Gilbert
|
0-0: Foul Ball, location: 2F 0-1: Swinging Strike 0-2: Fly out, F9 (Flyball, 9LM)
|
Batting: RHB António Trevino
|
0-0: Called Strike 0-1: Ball 1-1: Ground out 4-3 (Groundball, 34)
|
Batting: LHB Edward Bennett
|
0-0: Called Strike 0-1: Ball 1-1: SINGLE (Groundball, 6MD)
|
Batting: RHB David Silva
|
0-0: Ball 1-0: Ball 2-0: Called Strike 2-1: Ball 3-1: SINGLE (Groundball, 6MD) Edward Bennett to second Runner from 2nd tries for 3rd, SAFE, no throw
|
Batting: LHB Wilson Turner
|
0-0: Swinging Strike 0-1: Called Strike 0-2: Fielders Choice at 2nd, 4-6 (Groundball, 4)
|
Top of the 1st over - 0 run(s), 2 hit(s), 0 error(s), 1 left on base; Watertown 0 - Pueblo 0 |
BOTTOM OF THE 1ST |
Pueblo Prairie Dogs batting - Pitching for Watertown Headhunters : RHP Steve Pérez
|
Pitching: RHP Steve Pérez
|
|
Batting: RHB Ánibal Barrios
|
0-0: Called Strike 0-1: Ball 1-1: Ball 2-1: Swinging Strike 2-2: Strikes out swinging
|
Batting: RHB John Newman
|
0-0: Foul Ball, location: 2F 0-1: SINGLE (Groundball, 6S) (infield hit)
|
Batting: RHB Bob Fitzgerald
|
0-0: Foul Ball, location: 2F 0-1: Foul Ball, location: 2F 0-2: Strikes out looking
|
Batting: RHB Danny Boykins
|
0-0: Ball 1-0: Called Strike 1-1: Ball 2-1: Swinging Strike 2-2: Ground out 6-3 (Groundball, 6)
|
Bottom of the 1st over - 0 run(s), 1 hit(s), 0 error(s), 1 left on base; Watertown 0 - Pueblo 0 |
TOP OF THE 2ND |
Watertown Headhunters batting - Pitching for Pueblo Prairie Dogs : RHP Julião Edwards
|
Batting: LHB Javier Morales
|
0-0: Ball 1-0: Called Strike 1-1: Ball 2-1: Foul Ball, location: 2F 2-2: Ball 3-2: SINGLE (Groundball, 3D)
|
Batting: RHB John Weber
|
0-0: Foul Ball, location: 2F 0-1: Called Strike 0-2: Strikes out swinging
|
Batting: RHB Jeff Richardson
|
0-0: Ball 1-0: SINGLE (Groundball, 34D) Javier Morales to second Runner from 2nd tries for 3rd, SAFE, throw made to third
|
Batting: SHB Patrizio Batistuta
|
0-0: Called Strike 0-1: Swinging Strike 0-2: Ball 1-2: Strikes out swinging
|
Batting: RHB Victor Gilbert
|
0-0: SINGLE (Line Drive, 8LS) Javier Morales scores Jeff Richardson to second
|
Batting: RHB António Trevino
|
0-0: Called Strike 0-1: Ball 1-1: Ball 2-1: Fly out, F4 (Popup, 3D)
|
Top of the 2nd over - 1 run(s), 3 hit(s), 0 error(s), 2 left on base; Watertown 1 - Pueblo 0 |
BOTTOM OF THE 2ND |
Pueblo Prairie Dogs batting - Pitching for Watertown Headhunters : RHP Steve Pérez
|
Batting: RHB Manny Herrera
|
0-0: Foul Ball, location: 2F 0-1: Ball 1-1: Ground out 1-3 (Groundball, 13)
|
Batting: RHB Eric Barthorpe
|
0-0: Ball 1-0: Ball 2-0: Called Strike 2-1: Called Strike 2-2: Ball 3-2: Ground out 4-3 (Groundball, 4M)
|
Batting: RHB José García
|
0-0: Called Strike 0-1: Ball 1-1: Called Strike 1-2: Reached on error, E7 (Line Drive, 7)
|
Batting: LHB Jason King
|
0-0: Ball 1-0: Foul Ball, location: 2F 1-1: Ball 2-1: Foul Ball, location: 2F 2-2: Fly out, F8 (Flyball, 8LM)
|
Bottom of the 2nd over - 0 run(s), 0 hit(s), 1 error(s), 1 left on base; Watertown 1 - Pueblo 0 |
TOP OF THE 3RD |
Watertown Headhunters batting - Pitching for Pueblo Prairie Dogs : RHP Julião Edwards
|
Batting: LHB Edward Bennett
|
0-0: Fly out, F9 (Flyball, 9LS)
|
Batting: RHB David Silva
|
0-0: Ball 1-0: Ball 2-0: Ball 3-0: Called Strike 3-1: Base on Balls
|
Batting: LHB Wilson Turner
|
0-0: Ball 1-0: Ball 2-0: Fly out, F4 (Popup, 34D)
|
Batting: LHB Javier Morales
|
0-0: Ball 1-0: Ball David Silva is caught stealing 2nd base
|
Top of the 3rd over - 0 run(s), 0 hit(s), 0 error(s), 0 left on base; Watertown 1 - Pueblo 0 |
BOTTOM OF THE 3RD |
Pueblo Prairie Dogs batting - Pitching for Watertown Headhunters : RHP Steve Pérez
|
Batting: LHB Peter Rodgers
|
0-0: Ball 1-0: Fly out, F8 (Line Drive, 8RD)
|
Batting: RHB Ánibal Barrios
|
0-0: Called Strike 0-1: Called Strike 0-2: Fly out, F7 (Flyball, 78M)
|
Batting: RHB John Newman
|
0-0: Called Strike 0-1: Ground out 5-3 (Groundball, 56S)
|
Bottom of the 3rd over - 0 run(s), 0 hit(s), 0 error(s), 0 left on base; Watertown 1 - Pueblo 0 |
TOP OF THE 4TH |
Watertown Headhunters batting - Pitching for Pueblo Prairie Dogs : RHP Julião Edwards
|
Batting: LHB Javier Morales
|
0-0: Ball 1-0: Ball 2-0: Called Strike 2-1: Ball 3-1: Fly out, F7 (Flyball, 7LS)
|
Batting: RHB John Weber
|
0-0: Foul Ball, location: 2F 0-1: Ball 1-1: Fly out, F9 (Flyball, 9S)
|
Batting: RHB Jeff Richardson
|
0-0: SOLO HOME RUN (Flyball, 7D), Distance : 393 ft
|
Batting: SHB Patrizio Batistuta
|
0-0: Ball 1-0: Called Strike 1-1: Ball 2-1: Called Strike 2-2: Foul Ball, location: 2F 2-2: Fly out, F2 (Popup, 15)
|
Top of the 4th over - 1 run(s), 1 hit(s), 0 error(s), 0 left on base; Watertown 2 - Pueblo 0 |
BOTTOM OF THE 4TH |
Pueblo Prairie Dogs batting - Pitching for Watertown Headhunters : RHP Steve Pérez
|
Batting: RHB Bob Fitzgerald
|
0-0: Fly out, F8 (Line Drive, 8RM)
|
Batting: RHB Danny Boykins
|
0-0: Ball 1-0: Ball 2-0: Swinging Strike 2-1: Ball 3-1: Foul Ball, location: 2F 3-2: Strikes out looking
|
Batting: RHB Manny Herrera
|
0-0: Called Strike 0-1: Swinging Strike 0-2: Ball 1-2: Ball 2-2: Strikes out looking
|
Bottom of the 4th over - 0 run(s), 0 hit(s), 0 error(s), 0 left on base; Watertown 2 - Pueblo 0 |
TOP OF THE 5TH |
Watertown Headhunters batting - Pitching for Pueblo Prairie Dogs : RHP Julião Edwards
|
Batting: RHB Victor Gilbert
|
0-0: Swinging Strike 0-1: Foul Ball, location: 2F 0-2: Ball 1-2: Strikes out swinging
|
Batting: RHB António Trevino
|
0-0: Ball 1-0: DOUBLE (Groundball, 5L)
|
Batting: LHB Edward Bennett
|
0-0: Ball 1-0: Ball 2-0: Ball 3-0: Base on Balls
|
Batting: RHB David Silva
|
0-0: Foul Ball, location: 2F 0-1: Called Strike 0-2: Foul Ball, location: 2F 0-2: Strikes out looking
|
Batting: LHB Wilson Turner
|
Balk! António Trevino to third Edward Bennett to second 0-0: Ground out 4-3 (Groundball, 4)
|
Top of the 5th over - 0 run(s), 1 hit(s), 0 error(s), 2 left on base; Watertown 2 - Pueblo 0 |
BOTTOM OF THE 5TH |
Pueblo Prairie Dogs batting - Pitching for Watertown Headhunters : RHP Steve Pérez
|
Batting: RHB Eric Barthorpe
|
0-0: Called Strike 0-1: Foul Ball, location: 2F 0-2: Strikes out looking
|
Batting: RHB José García
|
0-0: Called Strike 0-1: Swinging Strike 0-2: Ball 1-2: SINGLE (Groundball, 6MD)
|
Batting: LHB Jason King
|
0-0: Ball 1-0: Ball 2-0: Called Strike 2-1: SINGLE (Line Drive, 8RS) José García to second
|
Batting: LHB Peter Rodgers
|
0-0: Ball 1-0: Swinging Strike 1-1: Ground out 5-3 (Groundball, 5) José García to third Jason King to second
|
Batting: RHB Ánibal Barrios
|
0-0: Ball 1-0: Ball 2-0: Ball 3-0: Base on Balls
|
Batting: RHB John Newman
|
0-0: Ball 1-0: Called Strike 1-1: Fly out, F9 (Flyball, 9S)
|
Bottom of the 5th over - 0 run(s), 2 hit(s), 0 error(s), 3 left on base; Watertown 2 - Pueblo 0 |
TOP OF THE 6TH |
Watertown Headhunters batting - Pitching for Pueblo Prairie Dogs : RHP Julião Edwards
|
Batting: LHB Javier Morales
|
0-0: Ball 1-0: Ball 2-0: Called Strike 2-1: Fly out, F9 (Flyball, 9)
|
Pitching: LHP John Avery
|
|
Batting: RHB John Weber
|
0-0: Ball 1-0: SINGLE (Groundball, 56D)
|
Batting: RHB Jeff Richardson
|
0-0: Ball 1-0: Foul Ball, location: 2F 1-1: Swinging Strike 1-2: Strikes out looking
|
Batting: SHB Patrizio Batistuta
|
0-0: Called Strike 0-1: Ball 1-1: Ball Wild Pitch! John Weber to second 2-1: Ground out 6-3 (Groundball, 6)
|
Top of the 6th over - 0 run(s), 1 hit(s), 0 error(s), 1 left on base; Watertown 2 - Pueblo 0 |
BOTTOM OF THE 6TH |
Pueblo Prairie Dogs batting - Pitching for Watertown Headhunters : RHP Steve Pérez
|
Batting: RHB Bob Fitzgerald
|
0-0: Foul Ball, location: 2F 0-1: Ball 1-1: Fly out, F8 (Flyball, 8LD)
|
Batting: RHB Danny Boykins
|
0-0: Fly out, F9 (Flyball, 89M)
|
Batting: RHB Manny Herrera
|
0-0: Foul Ball, location: 2F 0-1: Ball 1-1: Ball 2-1: Called Strike 2-2: Ball 3-2: Strikes out looking
|
Bottom of the 6th over - 0 run(s), 0 hit(s), 0 error(s), 0 left on base; Watertown 2 - Pueblo 0 |
TOP OF THE 7TH |
Watertown Headhunters batting - Pitching for Pueblo Prairie Dogs : LHP John Avery
|
Batting: RHB Victor Gilbert
|
0-0: Called Strike 0-1: Ball 1-1: Fly out, F7 (Flyball, 7)
|
Batting: RHB António Trevino
|
0-0: Foul Ball, location: 2F 0-1: Foul Ball, location: 2F 0-2: Ground out 3-1 (Groundball, 34)
|
Batting: LHB Edward Bennett
|
0-0: Ball 1-0: Ground out 4-3 (Groundball, 4)
|
Top of the 7th over - 0 run(s), 0 hit(s), 0 error(s), 0 left on base; Watertown 2 - Pueblo 0 |
BOTTOM OF THE 7TH |
Pueblo Prairie Dogs batting - Pitching for Watertown Headhunters : RHP Steve Pérez
|
Pitching: LHP Joe Jewell
|
|
Batting: RHB Eric Barthorpe
|
0-0: Foul Ball, location: 2F 0-1: Called Strike 0-2: Strikes out swinging
|
Batting: RHB José García
|
0-0: Ball 1-0: Called Strike 1-1: Foul Ball, location: 2F 1-2: Ball 2-2: Ball 3-2: Base on Balls
|
Batting: LHB Jason King
|
0-0: Called Strike 0-1: Swinging Strike 0-2: Strikes out swinging
|
Batting: LHB Peter Rodgers
|
0-0: Called Strike 0-1: Ball 1-1: Foul Ball, location: 2F 1-2: Ball 2-2: Ball 3-2: Strikes out swinging
|
Bottom of the 7th over - 0 run(s), 0 hit(s), 0 error(s), 1 left on base; Watertown 2 - Pueblo 0 |
TOP OF THE 8TH |
Watertown Headhunters batting - Pitching for Pueblo Prairie Dogs : LHP John Avery
|
Batting: RHB David Silva
|
0-0: Called Strike 0-1: Swinging Strike 0-2: Ball 1-2: Ball 2-2: Ground out 4-3 (Groundball, 4)
|
Batting: LHB Wilson Turner
|
0-0: Ball 1-0: Reached on error, E8 (Flyball, 8RM)
|
Batting: LHB Javier Morales
|
0-0: Ball 1-0: Called Strike 1-1: Fielders Choice at 2nd, 4-6 (Groundball, 4)
|
Batting: RHB John Weber
|
0-0: Ball 1-0: Ball 2-0: Fielders Choice at 2nd, 5-4 (Groundball, 56)
|
Top of the 8th over - 0 run(s), 0 hit(s), 1 error(s), 0 left on base; Watertown 2 - Pueblo 0 |
BOTTOM OF THE 8TH |
Pueblo Prairie Dogs batting - Pitching for Watertown Headhunters : LHP Joe Jewell
|
Batting: RHB Ánibal Barrios
|
0-0: Ground out 5-3 (Groundball, 56)
|
Batting: RHB John Newman
|
0-0: Called Strike 0-1: Swinging Strike 0-2: Ball 1-2: Strikes out swinging
|
Batting: RHB Bob Fitzgerald
|
0-0: Ball 1-0: Called Strike 1-1: Ball 2-1: Ball 3-1: Ground out 6-3 (Groundball, 6MD)
|
Bottom of the 8th over - 0 run(s), 0 hit(s), 0 error(s), 0 left on base; Watertown 2 - Pueblo 0 |
TOP OF THE 9TH |
Watertown Headhunters batting - Pitching for Pueblo Prairie Dogs : LHP John Avery
|
Batting: RHB Jeff Richardson
|
0-0: Swinging Strike 0-1: Ball 1-1: Foul Ball, location: 2F 1-2: Ball 2-2: Ball 3-2: Foul Ball, location: 2F 3-2: Strikes out swinging
|
Batting: SHB Patrizio Batistuta
|
0-0: SINGLE (Flyball, 56D)
|
Batting: RHB Victor Gilbert
|
0-0: Called Strike 0-1: Ball 1-1: Fielders Choice at 2nd, 5-4 (Groundball, 56)
|
Batting: RHB António Trevino
|
0-0: Called Strike 0-1: Ball 1-1: Called Strike 1-2: Ball 2-2: Ball 3-2: Base on Balls Victor Gilbert to second
|
Batting: LHB Edward Bennett
|
0-0: Ball 1-0: Called Strike 1-1: SINGLE (Flyball, 6MD) Victor Gilbert to third António Trevino to second Runner from 3rd tries for Home, SAFE, no throw
|
Pitching: RHP Alonso Rivera
|
|
Batting: RHB David Silva
|
0-0: Foul Ball, location: 2F 0-1: Ball 1-1: SINGLE (Line Drive, 56D) António Trevino to third Edward Bennett to second Runner from 3rd tries for Home, SAFE, throw made home
|
Batting: LHB Wilson Turner
|
0-0: Fly out, F7 (Flyball, 7S)
|
Top of the 9th over - 2 run(s), 3 hit(s), 0 error(s), 2 left on base; Watertown 4 - Pueblo 0 |
BOTTOM OF THE 9TH |
Pueblo Prairie Dogs batting - Pitching for Watertown Headhunters : LHP Joe Jewell
|
Pitching: RHP Millard Ford
|
|
Batting: RHB Danny Boykins
|
0-0: Ball 1-0: Called Strike 1-1: Ground out 5-3 (Groundball, 5S)
|
Batting: RHB Manny Herrera
|
0-0: Ball 1-0: Fly out, F9 (Flyball, 9)
|
Batting: RHB Eric Barthorpe
|
0-0: Ball 1-0: Ball 2-0: Ground out 6-3 (Groundball, 6M)
|
Bottom of the 9th over - 0 run(s), 0 hit(s), 0 error(s), 0 left on base; Watertown 4 - Pueblo 0 |
|